 Dungeon Crawl Stone Soup version 0.29.0-7-g18a832c13a (webtiles) character file.

Game seed: 9347682408416478314

33425 snarfax the Grappler (level 13, -9/130 HPs)
             Began as a Troll Fighter on Aug 29, 2022.
             Was an Initiate of Jiyva.
             Mangled by a 12-headed hydra (10 damage)
             ... on level 4 of the Lair of Beasts on Aug 30, 2022.
             The game lasted 00:45:29 (13622 turns).

snarfax the Grappler (Troll Fighter)               Turns: 13622, Time: 00:45:29

Health: -9/130     AC:  9    Str: 27    XL:     13   Next: 36%
Magic:  15/15      EV: 14    Int:  4    God:    Jiyva [......]
Gold:   965        SH:  0    Dex: 13    Spells: 12/12 levels left

rFire   . . .      SeeInvis .     - Unarmed
rCold   + . .      Faith    .   (no shield)
rNeg    . . .      Spirit   .   K - +2 robe {Will+}
rPois   .          Reflect  .   (helmet restricted)
rElec   .          Harm     .   c - +2 cloak
rCorr   .          Rampage  .   (gloves unavailable)
Will    +....                   (boots unavailable)
Stlth   +.........              C - amulet of the acrobat
HPRegen 1.11/turn               g - ring of protection from cold
MPRegen 0.14/turn               w - ring of flight

@: flying, studying Dodging
A: large, unfitting armour, claws 3, regeneration 1, shaggy fur 1, tough skin 1
a: Renounce Religion


You were on level 4 of the Lair of Beasts.
You worshipped Jiyva.
Jiyva was noncommittal.
You visited 3 branches of the dungeon, and saw 15 of its levels.

You collected 965 gold pieces.

Inventory:

Hand Weapons
 J - a +4 executioner's axe of flaming
Missiles
 d - 54 poisoned darts (quivered)
 n - 18 boomerangs
 E - a curare-tipped dart
 F - 4 throwing nets
Armour
 a - a +0 robe
 b - a +3 kite shield
 c - a +2 cloak (worn)
 u - +0 acid dragon scales
 K - a +2 robe of willpower (worn)
Jewellery
 g - a ring of protection from cold (left claw)
 w - a ring of flight (right claw)
 y - a ring of protection from fire
 z - a ring of magical power
 C - an amulet of the acrobat (around neck)
 D - a ring of magical power
 H - a ring of resist corrosion
 M - a ring of willpower
Wands
 r - a wand of flame (26)
 t - a wand of roots (10)
 v - a wand of light (14)
 B - a wand of mindburst (7)
 G - a wand of digging (8)
 I - a wand of polymorph (6)
Scrolls
 k - 2 scrolls of silence
 l - a scroll of blinking
 m - 8 scrolls of amnesia
 s - 2 scrolls of magic mapping
 x - 8 scrolls of identify
 A - a scroll of teleportation
 L - a scroll of enchant weapon
Potions
 e - a potion of might
 f - 3 potions of brilliance
 h - a potion of ambrosia
 i - a potion of invisibility
 j - 7 potions of heal wounds
 o - 5 potions of curing
 p - 2 potions of cancellation
 N - a potion of magic {unknown}


   Skills:
 + Level 8.9 Fighting
 * Level 11.9 Dodging
 + Level 9.8 Shields
 * Level 14.3 Unarmed Combat
 - Level 5.0 Invocations


You had 12 spell levels left.
You didn't know any spells.
Your spell library contained the following spells:

 Spells                   Type           Power      Damage    Failure   Level
 Slow                     Hex            0%         N/A       50%         1
 Blink                    Tloc           0%         N/A       65%         2
 Ensorcelled Hibernation  Hex/Ice        0%         N/A       65%         2
 Passwall                 Tmut/Erth      0%         N/A       65%         2
 Confusing Touch          Hex            0%         N/A       86%         3
 Lesser Beckoning         Tloc           0%         N/A       86%         3
 Swiftness                Air            0%         N/A       86%         3
 Vampiric Draining        Necr           0%         2d6       86%         3
 Fulminant Prism          Conj/Hex       0%         3d6       99%         4
 Iskenderun's Mystic Bla  Conj/Tloc      0%         2d3       99%         4
 Lee's Rapid Deconstruct  Erth           0%         3d5*      100%        5
 Manifold Assault         Tloc           0%         N/A       100%        5


Dungeon Overview and Level Annotations

Branches:
Dungeon (10/15)            Temple (1/1) D:6            Lair (4/5) D:10
 Shoals (0/4) Lair:3        Snake (0/4) Lair:3        Slime (0/5) Lair:4
    Orc: D:9-12

Altars:
Dithmenos
Elyvilon
Fedhas
Gozag
Hepliaklqana
Makhleb
Nemelex Xobeh
Okawaru
Qazlal
Ru
Trog
Vehumet
Wu Jian
Xom
Yredelemnul
The Shining One
Jiyva

Shops:
D:5 *

Annotations:
Lair:1 1 runed translucent door, Persephone's ghost, journeyman MiBe


Innate Abilities, Weirdness & Mutations

You are too large for most types of armour.
You have claws for hands.
Your natural rate of healing is unusually fast.
You are covered in fur. (AC +1)
You have tough skin. (AC +1)


Message History

The 12-headed hydra barely misses your basilisk.
The 12-headed hydra bites your basilisk.
The 12-headed hydra misses your basilisk.
The 12-headed hydra bites your basilisk.
The 12-headed hydra bites your basilisk!
Your basilisk dies!
Your basilisk's corpse dissolves into shadows!
You start removing your armour.
You continue taking off your +3 kite shield. x3
The 12-headed hydra barely misses you. The 12-headed hydra bites you!
The 12-headed hydra bites you. The 12-headed hydra barely misses you.
You block the 12-headed hydra's attack. The 12-headed hydra bites you. x2
You block the 12-headed hydra's attack. The 12-headed hydra barely misses you.
The 12-headed hydra misses you. The 12-headed hydra bites you. x2
* * * LOW HITPOINT WARNING * * *
You continue taking off your +3 kite shield.
The 12-headed hydra bites you but does no damage.
The 12-headed hydra bites you.
* * * LOW HITPOINT WARNING * * *
You block the 12-headed hydra's attack. x3
The 12-headed hydra bites you but does no damage.
The 12-headed hydra bites you.
* * * LOW HITPOINT WARNING * * *
The 12-headed hydra bites you but does no damage.
You block the 12-headed hydra's attack.
The 12-headed hydra closely misses you. x2
The 12-headed hydra bites you!
* * * LOW HITPOINT WARNING * * *
You finish taking off your +3 kite shield.
Blink to where?
Press: ? - help, Dir - move target
As you read the scroll of blinking, it crumbles to dust.
The 12-headed hydra bites you but does no damage. x2
The 12-headed hydra bites you.
* * * LOW HITPOINT WARNING * * *
The 12-headed hydra bites you!
* * * LOW HITPOINT WARNING * * *
The 12-headed hydra bites you!
* * * LOW HITPOINT WARNING * * *
The 12-headed hydra bites you!
You die...

########### ###### ##
P##P..##..###.##.####P##P
.........>...............
.........................
#.#..............).....#
##.....................#####
#....................#.....
#...........§.D@......#.....
##.........................#
#...................#....P#...
###......P...(.........##..##P.##
#..........P....................#
.......÷........................#
............#####..............##
.......#P.### ##.............P#
.......#### #.............#


You could see a 12-headed hydra.

Vanquished Creatures
  Rupert (Lair:3)
  Snorg (Lair:3)
  Harold (Lair:1)
  A boulder beetle (Lair:3)
  4 hydras
  Erica (D:8)
  3 two-headed ogres
  A death yak (Lair:3)
  Pikel (D:4)
  A wolf spider (Lair:3)
  6 black mambas
  An elephant (D:10)
  2 merfolk sirens (Lair:3)
  Maurice (D:8)
  6 cane toads
  An unseen horror (D:10)
  9 komodo dragons
  Maggie (D:8)
  A merfolk (Lair:3)
  2 trolls (D:10)
  9 blink frogs
  2 hornets
  Sigmund (D:6)
  29 yaks
  A wraith (D:10)
  Grum (D:10)
  2 basilisks (Lair:3)
  3 wyverns
  A steam dragon (Lair:1)
  5 nagas (Lair:3)
  4 vampire mosquitoes (D:10)
  2 acid dragons
  9 water moccasins
  A floating eye (D:10)
  An ice beast (D:6)
  2 sky beasts
  3 orc warriors
  3 black bears
  An ogre (D:6)
  14 wolves
  5 centaurs
  11 bullfrogs
  6 kobold brigands
  A gnoll sergeant (D:10)
  2 scorpions
  5 killer bees
  2 howler monkeys (D:4)
  5 jellies
  4 hounds
  5 orc priests
  A gnoll bouda (D:9)
  3 iguanas
  Natasha (thrice) (D:2)
  Terence (D:2)
  12 orc wizards
  8 hell rats (Lair:1)
  20 adders
  12 river rats (Lair:1)
  2 white imps
  An ufetubus (D:4)
  A worm (D:3)
  5 dart slugs
  34 orcs
  8 endoplasms
  3 giant cockroaches
  4 goblins
  10 hobgoblins
  6 jackals
  27 kobolds
  8 quokkas
  7 ball pythons
  4 bats
  5 frilled lizards
  15 rats
385 creatures vanquished.

Vanquished Creatures (collateral kills)
  Grinder (D:4)
1 creature vanquished.

Vanquished Creatures (others)
  29 fungi
  68 plants
97 creatures vanquished.

Grand Total: 483 creatures vanquished

Notes
Turn   | Place    | Note
-------+----------+-------------------------------------------
     0 | D:1      | snarfax the Troll Fighter began the quest for the Orb.
     0 | D:1      | Reached XP level 1. HP: 22/22 MP: 0/0
    82 | D:1      | Reached XP level 2. HP: 29/29 MP: 1/1
   192 | D:1      | Found a faded altar of an unknown god.
   569 | D:1      | Reached XP level 3. HP: 36/36 MP: 2/2
   965 | D:2      | Noticed Natasha
   974 | D:2      | Killed Natasha
   975 | D:2      | Reached skill level 3 in Unarmed Combat
   975 | D:2      | Reached XP level 4. HP: 42/44 MP: 3/3
  1208 | D:2      | Noticed Terence
  1213 | D:2      | Killed Terence
  1228 | D:2      | Noticed Natasha
  1234 | D:2      | Killed Natasha
  1235 | D:2      | Reached XP level 5. HP: 44/53 MP: 4/4
  1394 | D:2      | Noticed Natasha
  1401 | D:2      | Killed Natasha
  1514 | D:3      | Found an iron altar of Okawaru.
  1558 | D:3      | Found a sacrificial altar of Ru.
  1633 | D:3      | Reached skill level 4 in Unarmed Combat
  1668 | D:3      | Reached XP level 6. HP: 58/61 MP: 5/5
  2300 | D:4      | You fall into a shaft and drop 1 floor!
  2300 | D:5      | Entered Level 5 of the Dungeon
  2329 | D:5      | Found a glowing golden altar of the Shining One.
  2339 | D:5      | Found Huassesu's Gadget Gallery.
  2513 | D:4      | Noticed Grinder
  2514 | D:4      | Paralysed by Grinder for 2 turns
  2532 | D:4      | Paralysed by Grinder for 3 turns
  2548 | D:4      | Killed Grinder
  2549 | D:4      | Reached skill level 5 in Unarmed Combat
  2549 | D:4      | Reached XP level 7. HP: 67/68 MP: 6/6
  2583 | D:4      | Noticed Pikel
  2605 | D:4      | Killed Pikel
  2606 | D:4      | Reached skill level 6 in Unarmed Combat
  2606 | D:4      | Reached XP level 8. HP: 18/78 MP: 7/7
  2936 | D:4      | Identified a scroll of acquirement
  2936 | D:4      | Acquired a manual of Dodging
  3426 | D:4      | Reached skill level 5 in Shields
  3689 | D:5      | Reached skill level 7 in Unarmed Combat
  3942 | D:6      | Reached skill level 5 in Dodging
  4022 | D:6      | Found an opulent altar of Gozag.
  4084 | D:6      | Reached skill level 5 in Fighting
  4084 | D:6      | Reached XP level 9. HP: 88/88 MP: 8/8
  4313 | D:6      | Found a staircase to the Ecumenical Temple.
  4316 | D:6      | Noticed Sigmund
  4321 | Temple   | Entered the Ecumenical Temple
  4377 | Temple   | Became a worshipper of Elyvilon the Healer
  4425 | D:6      | Killed Sigmund
  4426 | D:6      | Reached skill level 8 in Unarmed Combat
  4843 | D:7      | Reached * piety under Elyvilon
  5326 | D:8      | Noticed Maurice
  5404 | D:8      | Reached ** piety under Elyvilon
  5507 | D:8      | Killed Maurice
  5528 | D:8      | Reached skill level 9 in Unarmed Combat
  5535 | D:8      | Noticed Maggie
  5550 | D:8      | Killed Maggie
  5710 | D:8      | Found a hazy altar of Hepliaklqana.
  5808 | D:8      | Reached XP level 10. HP: 94/98 MP: 9/9
  5851 | D:8      | Noticed Erica
  5869 | D:8      | Killed Erica
  6603 | D:9      | Reached skill level 10 in Unarmed Combat
  6714 | D:9      | Found a radiant altar of Vehumet.
  6714 | D:9      | Found an ornate altar of the Wu Jian Council.
  7087 | D:10     | Entered Level 10 of the Dungeon
  7157 | D:10     | Noticed a two-headed ogre
  7236 | D:10     | Reached *** piety under Elyvilon
  7591 | D:10     | Reached skill level 11 in Unarmed Combat
  7591 | D:10     | Reached XP level 11. HP: 27/107 MP: 7/10
  7702 | D:10     | Noticed Grum
  7731 | D:10     | Killed Grum
  7947 | D:10     | Noticed a two-headed ogre
  7954 | D:10     | Killed a two-headed ogre
  8045 | D:10     | Noticed a two-headed ogre
  8075 | D:9      | Killed a two-headed ogre
  8171 | D:10     | Found a staircase to the Lair.
  8267 | D:10     | Killed a two-headed ogre
  8502 | Lair:1   | Entered Level 1 of the Lair of Beasts
  8717 | D:10     | Reached skill level 12 in Unarmed Combat
  8776 | D:10     | Reached skill level 1 in Invocations
  9105 | Lair:1   | Found a runed translucent door.
  9113 | Lair:1   | Noticed Persephone's ghost (journeyman MiBe)
  9164 | Lair:1   | Reached **** piety under Elyvilon
  9197 | Lair:1   | Noticed Harold
  9210 | Lair:1   | Killed Harold
  9211 | Lair:1   | Reached skill level 10 in Dodging
  9898 | Lair:2   | Reached XP level 12. HP: 118/119 MP: 12/12
  9915 | Lair:2   | Noticed a six-headed hydra
  9936 | Lair:2   | Killed a one-headed hydra
 10038 | Lair:2   | Reached ***** piety under Elyvilon
 10290 | Lair:2   | Noticed a seven-headed hydra
 10304 | Lair:2   | Killed a one-headed hydra
 10718 | Lair:2   | Paralysed by a hornet for 3 turns
 10962 | Lair:3   | Reached skill level 13 in Unarmed Combat
 11128 | Lair:3   | Noticed Snorg
 11141 | Lair:3   | Killed Snorg
 11195 | Lair:3   | Noticed a boulder beetle
 11217 | Lair:3   | Killed a boulder beetle
 11411 | Lair:3   | Found a staircase to the Shoals.
 11854 | Lair:3   | Noticed Rupert
 12118 | Lair:3   | Found a staircase to the Snake Pit.
 12118 | Lair:3   | Noticed a five-headed hydra
 12132 | Lair:3   | Killed a one-headed hydra
 12214 | Lair:3   | Elyvilon protects you from harm!
 12246 | Lair:3   | Killed Rupert
 12247 | Lair:3   | Reached XP level 13. HP: 63/128 MP: 12/15
 12749 | Lair:3   | Upgraded the game from 0.29.0-5-ge4962eb29e to
                  | 0.29.0-7-g18a832c13a
 12773 | Lair:3   | Reached skill level 14 in Unarmed Combat
 13103 | Lair:4   | Found a viscous altar of Jiyva.
 13104 | Lair:4   | Found a staircase to the Slime Pits.
 13118 | Lair:4   | Fell from the grace of Elyvilon
 13118 | Lair:4   | Became a worshipper of Jiyva Jeita the Shapeless
 13499 | Lair:4   | Reached skill level 5 in Invocations
 13622 | Lair:4   | HP: 1/130 [12-headed hydra (7)]
 13622 | Lair:4   | Mangled by a 12-headed hydra

Illustrated notes

Levels and vault maps discovered:
D:1:      dpeg_arrival_windows_large_door, layout_loops_ring,
          basic_ecumenical_altar, minmay_misc_feat_chi
D:2:      layout_loops_cross, uniq_natasha, uniq_terence
D:3:      layout_loops_ring, mainiacjoe_overflow_alcove_2,
          okawaru_ov_weapons_minmay
D:4:      layout_loops_corners, uniq_grinder, uniq_pikel
D:5:      layout_rooms, mainiacjoe_overflow_cross_hatched, nicolae_shop_gadgets
D:6:      cheibrodos_helix_gallery, layout_basic, grunt_gozag_statues,
          minmay_temple_entry_sparse_star, minmay_liquid_box, uniq_sigmund
D:7:      layout_loops_cross, hangedman_decor_opposing
D:8:      layout_basic, nicolae_hepliaklqana_hazy_memory, uniq_erica,
          uniq_maggie, uniq_maurice
D:9:      layout_basic, gammafunk_temple_overflow_elements
D:10:     layout_long_grid, david_lair_generic, onia_ninara_cookie, uniq_grum
Temple:   bh_familiar_temple
Lair:1:   lemuel_ratsnest, layout_cave_pods, ebering_ghost_reflecting_pool,
          uniq_harold
Lair:2:   layout_gridlike, nicolae_lair_grove_arrangements
Lair:3:   minmay_lair_venomous_thicket, layout_chaotic_city,
          elwin_shoals_entry_rooms, minmay_snake_entry_guardpost_medium,
          st_stairs_10, uniq_snorg, uniq_rupert
Lair:4:   beast_lair_carwin_large_2, layout_regular_city, slime_entry_1,
          gammafunk_ghost_berserking_beasts, infiniplex_staircase_pool_2,
          lemuel_fruit_tree

Skill      XL: |  1  2  3  4  5  6  7  8  9 10 11 12 13 |
---------------+----------------------------------------+-----
Shields        | 3 4 5 6 7 8 9 |  9.8
Unarmed Combat | 3 4 5 6 7 9 11 12 13 14 | 14.3
Dodging        | 3 4 5 7 8 10 11 | 11.9
Fighting       | 3 4 5 6 7 8 |  8.9
Invocations    | 2 4 5 |  5.0

Action                   |  1- 3 |  4- 6 |  7- 9 | 10-12 | 13-15 || total
-------------------------+-------+-------+-------+-------+-------++-------
Melee: Unarmed           |   101 |   175 |   265 |   674 |   169 ||  1384
       Scimitar          |       |       |       |    28 |     8 ||    36
Throw: Dart              |       |    10 |     3 |    43 |       ||    56
       Boomerang         |       |     1 |     2 |       |       ||     3
Invok: Heal Self         |       |       |       |     4 |       ||     4
       Purification      |       |       |       |     3 |       ||     3
  Use: Scroll            |     2 |     7 |    11 |     6 |     3 ||    29
       Potion            |       |     1 |     1 |     6 |       ||     8
 Stab: Sleeping          |     1 |     2 |       |       |       ||     3
       Invisible         |       |       |       |     2 |       ||     2
Armor: Robe              |    29 |    34 |    51 |    21 |    39 ||   174
       Acid dragon scale |       |       |       |   175 |       ||   175
Dodge: Dodged            |    35 |    56 |    80 |   307 |   105 ||   583
Block: Kite shield       |    40 |    62 |   124 |   488 |   141 ||   855
